 Dungeon Crawl Stone Soup version 0.23.2-33-g5129a83184 (webtiles) character file.

Game seed: 15405098596947164551

879 psyvane the Thrower (level 8, -1/70 HPs)
             Began as an Ogre Arcane Marksman on July 17, 2019.
             Was a Believer of Makhleb.
             Slain by an orc
             ... wielding a +0 trident
              (8 damage)
             ... on level 4 of the Dungeon.
             The game lasted 00:23:43 (6703 turns).

psyvane the Thrower (Ogre Arcane Marksman)          Turns: 6703, Time: 00:23:44

Health: -1/70      AC:  3    Str: 15    XL:     8   Next: 4%
Magic:  6/9        EV: 10    Int: 14    God:    Makhleb [**....]
Gold:   244        SH:  0    Dex: 11    Spells: 3/9 levels left

rFire    + . .     SeeInvis .   e - +1 dagger (protect)
rCold    x . .     Gourm    .   (no shield)
rNeg     . . .     Faith    .   a - +0 robe
rPois    .         Spirit   .   (helmet restricted)
rElec    .         Reflect  .   (no cloak)
rCorr    .         Harm     .   (gloves unavailable)
MR       .....                  (boots unavailable)
Stlth    +.........             (no amulet)
HPRegen  0.21/turn              j - ring of fire
MPRegen  0.11/turn              (no ring)

@: about to teleport, very slightly contaminated
A: large, unfitting armour, tough skin 1
a: Minor Destruction, Renounce Religion


You were on level 4 of the Dungeon.
You worshipped Makhleb.
Makhleb was pleased with you.
You were not hungry.

You visited 1 branch of the dungeon, and saw 5 of its levels.

You collected 324 gold pieces.
You spent 80 gold pieces at shops.

Inventory:

Hand Weapons
 e - a +1 dagger of protection (weapon)
Missiles
 d - 2 throwing nets (quivered)
 h - 5 tomahawks
Armour
 a - a +0 robe (worn)
Jewellery
 j - a ring of fire (left hand)
Wands
 n - a wand of iceblast (5)
 t - a wand of acid (6)
Scrolls
 c - a scroll of enchant weapon {unknown}
 i - a scroll of remove curse {unknown}
 k - a scroll of teleportation
 m - 5 scrolls of fog
 o - a scroll of noise {unknown}
 p - 2 scrolls of magic mapping {unknown}
 s - 3 scrolls of amnesia
 u - 2 scrolls of random uselessness {unknown}
 v - a scroll of fear {unknown}
Potions
 b - 3 potions of lignification
 g - 2 potions of magic
 l - a potion of heal wounds {unknown}
 w - a potion of invisibility {unknown}
 A - a potion of curing {unknown}
Comestibles
 f - 5 rations


   Skills:
 - Level 1.3 Fighting
 * Level 8.7 Throwing
 - Level 1.7 Dodging
 - Level 1.2 Spellcasting
 - Level 3.6 Hexes


You had 3 spell levels left.
You knew the following spells:

 Your Spells              Type           Power        Failure   Level  Hunger
a - Corona                Hex            ##.....      6%          1    ##.....
b - Slow                  Hex            ##......     9%          2    ###....
c - Inner Flame           Hex/Fire       #.......     36%         3    ####...

Your spell library contained the following spells:

 Spells                   Type           Power        Failure   Level  Hunger
 Portal Projectile        Hex/Tloc       #.....       36%         3    ####...
 Cause Fear               Hex            ##........   52%         4    #####..
 Leda's Liquefaction      Hex/Erth       #.........   77%         4    #####..


Dungeon Overview and Level Annotations

Branches:
Dungeon (5/15)             Temple (0/1) D:5

Altars:
Ashenzari
Cheibriados
Dithmenos
Makhleb
Nemelex Xobeh
Ru
Yredelemnul

Shops:
D:4 (   D:5 *

Annotations:
D:4 Pikel


Innate Abilities, Weirdness & Mutations

You are too large for most types of armour.
You have tough skin. (AC +1)


Message History

* * * LOW HITPOINT WARNING * * *
Quiver which item? (- for none, * to show all) (? for menu, Esc to quit)
Quivering
r - a large rock for throwing.
Throwing (i - inventory. (/) - cycle)
r - a large rock (quivered)
Press: ? - help, Shift-Dir - straight line, f/p - Robin
Aim: Robin, wielding a +0 falchion, wearing a +0 animal skin and wearing a +0 helmet (almost dead, softly glowing)
You throw a large rock. The large rock hits Robin.
You kill Robin!
Makhleb accepts your kill.
You feel better. The orc closely misses you.
The orc hits you from afar with a +0 trident!
* * * LOW HITPOINT WARNING * * *
Okay, then.
As you read the scroll of teleportation, it crumbles to dust.
You feel strangely unstable.
The quokka bites you but does no damage.
The quokka bites you.
* * * LOW HITPOINT WARNING * * *
The orc hits you from afar with a +0 trident!
You die...

...........# (..<.
...........# ....
####.......## #..# ##♣.......#
##..#
#♣...♣.....########...#####
##..♣.......[[........##...##
...........#.##.####..)..8..##
...........#..#.###.....)....#
.....(...(().gor@...#..8.....#
...%.)...>###..#..........<..#
...........###.##......8.....#
..(.%)...#.....####..........#
..≈.≈(g..###.........##..8..##
.≈≈.≈≈.....................##
o≈≈∩≈≈......#..####.........
#≈≈≈≈≈......#..# #.##......#
.o≈≈≈.###....#.# #.##.###...


You could see an orc, a quokka and a goblin.

Vanquished Creatures
  A slave (D:5)
  2 sky beasts (D:5)
  A phantom (D:5)
  A hound (D:4)
  An orc priest (D:4)
  2 bullfrog skeletons
  4 orc wizards
  Terence (D:3)
  An iguana (D:4)
  Ijyb (D:4)
  A worker ant (D:5)
  2 hound skeletons (D:4)
  Robin (D:4)
  3 gnolls (D:3)
  8 adders
  2 oozes
  5 worms
  5 dart slugs
  4 leopard geckos
  11 orcs
  9 bats
  4 giant cockroaches
  11 goblins
  9 hobgoblins
  3 jackals (D:3)
  9 kobolds
  2 quokkas
  2 ball pythons
  7 frilled lizards
  9 rats
  A spectral orc (D:3)
123 creatures vanquished.

Notes
Turn   | Place    | Note
-------+----------+-------------------------------------------
     0 | D:1      | psyvane the Ogre Arcane Marksman began the quest for the
                  | Orb.
     0 | D:1      | Reached XP level 1. HP: 19/19 MP: 2/2
   510 | D:1      | Reached XP level 2. HP: 26/27 MP: 1/3
   514 | D:1      | Learned a level 2 spell: Slow
  1230 | D:1      | Reached XP level 3. HP: 33/33 MP: 4/4
  1580 | D:2      | Reached skill level 3 in Throwing
  1585 | D:2      | Reached XP level 4. HP: 35/41 MP: 2/5
  1964 | D:2      | Found a sparkling altar of Nemelex Xobeh.
  2819 | D:3      | Reached skill level 4 in Throwing
  2885 | D:3      | Found a burning altar of Makhleb.
  2906 | D:3      | Became a worshipper of Makhleb the Destroyer
  2982 | D:3      | Reached XP level 5. HP: 48/48 MP: 0/6
  3089 | D:3      | Found a basalt altar of Yredelemnul.
  3387 | D:3      | Learned a level 3 spell: Inner Flame
  3482 | D:3      | Noticed Terence
  3506 | D:3      | Killed Terence
  3506 | D:3      | Reached * piety under Makhleb
  3506 | D:3      | Reached skill level 5 in Throwing
  3950 | D:4      | Reached XP level 6. HP: 31/55 MP: 3/7
  4094 | D:4      | Found Bibutteevue's Weapon Shoppe.
  4095 | D:4      | Noticed Ijyb
  4127 | D:4      | Killed Ijyb
  4145 | D:4      | Reached skill level 6 in Throwing
  4304 | D:4      | Found Yddui's Antique Weapon Boutique.
  4654 | D:4      | Noticed Robin
  4671 | D:5      | Entered Level 5 of the Dungeon
  4671 | D:5      | Found Uryheh's Assorted Antiques.
  4814 | D:5      | Bought a scroll labeled CAGASMEGACK for 20 gold pieces
  4814 | D:5      | Bought 3 scrolls labeled WITWAELI XUICWI for 60 gold pieces
  4823 | D:5      | Noticed a sky beast
  4851 | D:5      | Killed a sky beast
  4851 | D:5      | Reached skill level 7 in Throwing
  4851 | D:5      | Reached XP level 7. HP: 19/62 MP: 4/8
  5084 | D:5      | Found a staircase to the Ecumenical Temple.
  5279 | D:5      | Found a snail-covered altar of Cheibriados.
  5542 | D:5      | Reached skill level 8 in Throwing
  5630 | D:5      | HP: 2/62 [sky beast (6)]
  6014 | D:5      | Found a faded altar of an unknown god.
  6014 | D:5      | Found a sacrificial altar of Ru.
  6039 | D:4      | Noticed Pikel
  6300 | D:5      | Found a shadowy altar of Dithmenos.
  6302 | D:5      | Found a faded altar of an unknown god.
  6303 | D:5      | Found a shattered altar of Ashenzari.
  6559 | D:4      | Reached XP level 8. HP: 47/70 MP: 6/9
  6700 | D:4      | Reached ** piety under Makhleb
  6701 | D:4      | Killed Robin
  6703 | D:4      | Slain by an orc

Skill      XL: |  1  2  3  4  5  6  7 |
---------------+----------------------+-----
Hexes          | 3 |  3.6
Throwing       | 3 4 5 7 8 |  8.7
Fighting       | |  1.3
Dodging        | |  1.7
Spellcasting   | |  1.2

Action                   |  1- 3 |  4- 6 |  7- 9 || total
-------------------------+-------+-------+-------++-------
Melee: Unarmed           |    66 |       |       ||    66
       Dagger            |    97 |   248 |    47 ||   392
Throw: Large rock        |     5 |    23 |    11 ||    39
       Tomahawk          |    11 |    43 |    47 ||   101
       Throwing net      |       |     1 |       ||     1
 Cast: Corona            |    15 |    57 |    32 ||   104
       Slow              |     2 |    10 |       ||    12
       Inner Flame       |       |       |     1 ||     1
  Use: Scroll            |       |     4 |     5 ||     9
 Stab: Sleeping          |       |     1 |       ||     1
  Eat: Chunk             |     3 |    13 |     4 ||    20
       Ration            |       |       |     1 ||     1
Armor: Robe              |    63 |   151 |    36 ||   250
Dodge: Dodged            |    84 |   194 |    49 ||   327
